 Dungeon Crawl Stone Soup version 0.14-a0-1721-g84c87b2 (webtiles) character file.

274 Mitsuki the Poker (level 5, 49/49 HPs)
             Began as a Naga Fighter on Jan 2, 2014.
             Quit the game on Level 3 of the Dungeon.
             The game lasted 00:11:18 (2512 turns).

Mitsuki the Poker (Naga Fighter)                    Turns: 2512, Time: 00:11:18

HP  49/49        AC  5     Str 19      XL: 5   Next: 36%
MP   5/5         EV  6     Int  8      God:
Gold 120         SH 18     Dex 11      Spells:  0 memorised,  4 levels left

rFire  . . .     SeeInvis +     a - +0 trident
rCold  . . .     Clarity  .     p - +0 ring mail {rPois}
rNeg   . . .     Conserve .     c - +0 shield
rPois  +         rCorr    .     (no helmet)
rElec  .         rRot     .     (no cloak)
SustAb . .       Spirit   .     m - +0 pair of gloves
rMut   .         Warding  .     (no barding)
Saprov . . .     Stasis   .     (no amulet)
                                (no ring)
                                n - ring of protection from magic

@: very slow, quite resistant to hostile enchantments, extremely unstealthy
A: spit poison, see invisible, deformed body, poison resistance, slowness 2, AC
+1
a: Spit Poison


You were on level 3 of the Dungeon.
You were not hungry.

You visited 1 branch of the dungeon, and saw 3 of its levels.

You collected 120 gold pieces.

Inventory:

Hand weapons
 a - a +0,+0 trident (weapon)
Armour
 c - a +0 shield (worn)
 m - a +0 pair of gloves (worn)
 p - a +0 ring mail of poison resistance (worn)
Comestibles
 d - 2 bread rations
 o - a meat ration
Scrolls
 g - a scroll of recharging {unknown}
 h - 2 scrolls of identify
 i - 4 scrolls of amnesia {unknown}
 j - 2 scrolls of immolation {unknown}
 l - a scroll of blinking {unknown}
Jewellery
 n - a ring of protection from magic (left hand)
Potions
 e - a potion of restore abilities {unknown}
 f - a potion of curing {unknown}
 k - a potion of agility


   Skills:
 + Level 3.2 Fighting
 * Level 3.4 Polearms
 + Level 3.0 Armour
 + Level 1.6 Dodging
 - Level 3.0 Shields


You had 4 spell levels left.
You didn't know any spells.

Dungeon Overview and Level Annotations

Branches:
Dungeon (3/16)

Altars:
Ashenzari
Vehumet


Innate Abilities, Weirdness & Mutations

You cannot wear boots.
You can spit poison.
Your serpentine skin is tough (AC +1).
You have supernaturally acute eyesight.
Armour fits poorly on your strangely shaped body.
Your system is resistant to poisons.
You cover ground very slowly.


Message History

an orcish dagger; an orc corpse
o - a meat ration
Found a stone staircase leading up.
Found a pair of boots.
Found a runed ring mail.
Found a scroll labeled KHIECHO REPO and 19 stones.
You see here a runed ring mail.
p - a runed ring mail
j - 2 scrolls labeled KHIECHO REPO (gained 1) Wear which item? (? for menu, Esc to quit)
You start removing your armour.
You continue taking off your +0 scale mail.
You finish taking off your +0 scale mail.
You start putting on your armour.
You continue putting on your runed ring mail.
You finish putting on your +0 ring mail of poison resistance.
You feel healthy.
Drop what? (_ for help) (? for menu, Esc to quit)
You drop a +0 scale mail.
Are you sure you want to abandon this character and quit the game? (Confirm with "yes".)

#.### ....# ....#
)...# #.### #.# #.#
########### #.#
#.........# #.#
#.......@.# #.#
#.........#
#.#######.........#
......................
.########.........####
.# #.......(.# .#
#.....[...# .#
#.........#
.########.........#


There were no monsters in sight!

Vanquished Creatures
  An orc wizard (D:3)
  6 adders
  A worm (D:2)
  An ooze (D:1)
  4 orcs (D:3)
  4 bats
  6 hobgoblins
  A quokka (D:2)
  5 giant cockroaches
  2 giant newts
  11 goblins
  7 jackals
  11 kobolds
  6 rats
  A plant (D:2)
67 creatures vanquished.

Notes
Turn   | Place    | Note
--------------------------------------------------------------
     0 | D:1      | Mitsuki, the Naga Fighter, began the quest for the Orb.
     0 | D:1      | Reached XP level 1. HP: 21/21 MP: 1/1
   156 | D:1      | Reached XP level 2. HP: 25/28 MP: 2/2
   549 | D:1      | Reached XP level 3. HP: 31/34 MP: 3/3
  1316 | D:2      | Reached XP level 4. HP: 39/42 MP: 4/4
  1648 | D:2      | Reached skill level 1 in Dodging
  1761 | D:3      | Found a shattered altar of Ashenzari.
  1761 | D:3      | Found a radiant altar of Vehumet.
  1880 | D:3      | Reached XP level 5. HP: 32/49 MP: 5/5
  2512 | D:3      | Quit the game

Action                   |  1- 3 |  4- 6 || total
-------------------------+-------+-------++-------
Melee: Trident           |   177 |   126 ||   303
  Use: Scroll            |       |     3 ||     3
       Potion            |       |     1 ||     1
